 Dungeon Crawl Stone Soup version 0.20-a0-1025-g4706f7e (webtiles) character file.

278746 Monsterracer the Executioner (level 19, -1/168 HPs)
             Began as a Minotaur Berserker on Apr 19, 2017.
             Was the Champion of Trog.
             Killed from afar by Margery (16 damage)
             ... with a fireball
             ... on level 2 of the Vaults.
             The game lasted 01:37:42 (35754 turns).

Monsterracer the Executioner (Minotaur Berserker)  Turns: 35754, Time: 01:37:44

Health: -1/168     AC: 27    Str: 46    XL:     19   Next: 64%
Magic:  18/18      EV: 23    Int:  4    God:    Trog [******]
Gold:   2596       SH:  0    Dex: 15    Spells: 18/18 levels left

rFire    + + .     SeeInvis .   C - +8 battleaxe "Arbiter" {flame, *Contam rN+ MR+ Dex+5}
rCold    + + .     Gourm    .   (shield currently unavailable)
rNeg     + . .     Faith    .   x - +5 scale mail "Patt" {*Contam rElec Str+7 Stlth+}
rPois    +         Spirit   .   B - +1 hat
rElec    +         Reflect  .   I - +2 cloak {rPois}
rCorr    +         Harm     .   Q - +2 pair of gloves {Str+3}
MR       ++++.                  K - +1 pair of boots
Stlth    +.........             v - amulet of regeneration
Regen    1.8/turn               L - ring "Ethitez" {+Blink rElec rC+ Str+6}
MPRegen  0.2/turn               w - ring "Ocabbemnef" {rPois rF+}

@: about to teleport, resistant, regenerating
A: retaliatory headbutt, horns 2, frail 1, mutation resistance 1
}: 2/15 runes: decaying, serpentine
a: Berserk, Trog's Hand, Brothers in Arms, Burn Spellbooks, Renounce Religion,
Evoke Blink


You were on level 2 of the Vaults.
You worshipped Trog.
Trog was exalted by your worship.
You were hungry.

You visited 6 branches of the dungeon, and saw 33 of its levels.
You also visited: Labyrinth, Trove and Ice Cave.

You collected 3816 gold pieces.
You spent 1220 gold pieces at shops.

Inventory:

Hand Weapons
 C - the +8 battleaxe "Arbiter" (weapon) {flame, *Contam rN+ MR+ Dex+5}
   (Trog gifted it to you on level 13 of the Dungeon)

   It has been specially enchanted to burn those struck by it, causing extra
   injury to most foes and up to half again as much damage against particularly
   susceptible opponents.
   Big, fiery blades are also staple armaments of hydra-hunters.
   It affects your dexterity (+5).
   It protects you from negative energy.
   It affects your resistance to hostile enchantments.
   It causes magical contamination when unequipped.
 G - a +2 executioner's axe of protection
 P - the +8 frozen axe "Frostbite" {freezing cloud, *Noise +Fly rC+}
   (Trog gifted it to you on level 6 of the Lair of Beasts)

   It has been specially enchanted to freeze those struck by it, causing extra
   injury to most foes and up to half again as much damage against particularly
   susceptible opponents.
   It can also slow down cold-blooded creatures.
   It protects you from cold.
   It lets you fly.
   It may make noises in combat.
Armour
 x - the +5 scale mail "Patt" (worn) {*Contam rElec Str+7 Stlth+}
   (You found it on level 8 of the Dungeon)

   It affects your strength (+7).
   It insulates you from electricity.
   It causes magical contamination when unequipped.
   It makes you more stealthy.
 B - a +1 hat (worn)
 I - a +2 cloak of poison resistance (worn)
 K - a +1 pair of boots (worn)
 Q - a +2 pair of gloves of strength (worn)
Jewellery
 v - an amulet of regeneration (around neck)
 w - the ring "Ocabbemnef" (right hand) {rPois rF+}
   (You found it in a treasure trove)

   [ring of poison resistance]

   It protects you from fire.
   It protects you from poison.
 y - the ring "Epock" {MR+ Dex+5 SInv}
   (You found it in a treasure trove)

   [ring of protection from magic]

   It affects your dexterity (+5).
   It affects your resistance to hostile enchantments.
   It lets you see invisible.
 L - the ring "Ethitez" (left hand) {+Blink rElec rC+ Str+6}
   (You found it on level 2 of the Swamp)

   [ring of strength]

   It affects your strength (+6).
   It protects you from cold.
   It insulates you from electricity.
   It lets you blink.
 O - the ring "Zil Onys" {rC+ MR+}
   (You found it in a treasure trove)

   [ring of protection from magic]

   It protects you from cold.
   It affects your resistance to hostile enchantments.
 S - an uncursed ring of resist corrosion
 X - the ring "Bielu" {MR+ Str+4 Int+3 Slay+2 Stlth+}
   (You found it in a treasure trove)

   [ring of stealth]

   It affects your strength (+4).
   It affects your intelligence (+3).
   It affects your accuracy and damage with ranged weapons and melee attacks
   (+2).
   It affects your resistance to hostile enchantments.
   It makes you more stealthy.
Wands
 k - a wand of digging (15/24)
 F - a wand of digging (16/24)
 H - a wand of scattershot (4/9)
 R - a wand of scattershot (4/9)
 T - a wand of digging (13/24)
 U - a wand of digging (18/24)
 V - a wand of scattershot (5/9)
Scrolls
 d - 5 scrolls of immolation
 e - 8 scrolls of identify
 f - 16 scrolls of teleportation
 g - 13 scrolls of remove curse
 o - 7 scrolls of enchant weapon
 u - 2 scrolls of fog
 M - 6 scrolls of fear
 N - 3 scrolls of magic mapping
Potions
 b - 3 potions of ambrosia
 h - 8 potions of flight
 j - a potion of resistance
 m - 12 potions of curing
 p - 5 potions of haste
 r - 7 potions of might
 s - 3 potions of agility
 z - 5 potions of mutation
Comestibles
 a - 5 chunks of flesh
 c - 24 bread rations
 q - 16 meat rations
 t - 17 royal jellies
 D - 27 fruits


   Skills:
 * Level 20.6 Fighting
 + Level 23.7 Axes
 + Level 18.2 Armour
 + Level 16.9 Dodging


You had 18 spell levels left.
You didn't know any spells.

Dungeon Overview and Level Annotations

Branches:
Dungeon (15/15)            Temple (0/1) D:5            Lair (6/6) D:10
  Swamp (4/4) Lair:3        Snake (4/4) Lair:3        Slime (0/5) Lair:6
    Orc (2/2) D:11            Elf (0/3) Orc:2        Vaults (2/5) D:13
 Depths (0/5) D:15
  Crypt: Vaults:2-3

Altars:
Fedhas
Gozag
Hepliaklqana
Kikubaaqudgha
Makhleb
Nemelex Xobeh
Okawaru
Qazlal
Ru
Trog
Uskayaw
Vehumet
Wu Jian
Xom
Yredelemnul
Zin
Beogh

Shops:
D:11 :   D:14 :   Orc:2 [*(=   Snake:4 }:

Annotations:
Vaults:2 Margery


Innate Abilities, Weirdness & Mutations

You reflexively headbutt those who attack you in melee.
You have a pair of horns on your head.
You are frail. (-10% HP)
You are somewhat resistant to further mutation.


Message History

Your troll is engulfed in freezing vapours.
Your troll closely misses Margery.
Your troll claws Margery! x2
The hell knight hits your troll with a demon trident of flaming!!
The hell knight burns your troll.
Your troll dies!
Your troll's corpse disappears in a puff of smoke!
Margery points at you and mumbles some strange words.
The fireball explodes!
The fireball engulfs you! You resist.
* * * LOW HITPOINT WARNING * * *
You feel much better.
Okay, then.
As you read the scroll of teleportation, it crumbles to dust.
You feel strangely unstable. Margery gestures at you while chanting.
The fireball explodes!
The fireball engulfs you! You resist.
* * * LOW HITPOINT WARNING * * *
You feel protected. Margery casts a spell at you.
The fireball explodes!
The fireball engulfs you! You resist.
You die...

#......^....#..#......'..#
#...........#..#....<.#..#
#...........#..#......#..#
#...........#..#......#..#
#############..#......#..#
##################..#......#..#
.......'.........#..#......#..#
.......#.........#..########..#
.......#...@....@'............#
.......#......p..#............#
......)#.........#............###
.......).).......#............#..
#'######.........#............#..
#.........#............#..
#.........#............#..
#.........#............'..
###########............#..


You could see Margery and a hell knight.

Vanquished Creatures
  Bai Suzhen (Swamp:4)
  Vashnia (Snake:4)
  Nikola (Swamp:4)
  Jorgrun (Vaults:2)
  Agnes (D:15)
  Donald (Snake:3)
  Kirke (D:14)
  9 nagarajas
  A frost giant (IceCv)
  4 vault wardens
  An orc warlord (Orc:2)
  5 ironheart preservers (Vaults:1)
  A stone giant (Vaults:2)
  6 ogre magi
  A minotaur (Lab)
  A yaktaur captain (Vaults:1)
  5 fire dragons
  An ice dragon (D:12)
  8 vault guards
  16 naga warriors
  22 hydras
  3 centaur warriors
  16 alligators
  A death knight (D:15)
  7 anacondas
  23 two-headed ogres
  9 death yaks
  Urug (Lair:4)
  An orc high priest (Orc:2)
  17 naga sharpshooters
  16 shock serpents
  2 spriggans (Swamp:2)
  4 deep elf knights
  A fire crab (Swamp:4)
  6 salamander mystics (Snake:4)
  An unseen horror (D:15)
  3 spriggan druids
  A flayed ghost (Vaults:2)
  3 shambling mangroves
  5 wizards
  6 lindwurms
  7 naga ritualists
  4 necromancers
  A harpy (Vaults:1)
  11 swamp dragons
  A deep elf archer (Vaults:2)
  3 deep trolls (Vaults:1)
  7 orc knights
  3 ironbrand convokers
  A phantasmal warrior (D:15)
  16 mana vipers
  A wolf spider zombie (D:13)
  3 oklob plants (Lair:2)
  3 deep elf magi
  22 ugly things
  3 wolf spiders (Vaults:1)
  6 cyclopes
  3 orc sorcerers
  A manticore (D:13)
  9 salamanders
  5 elephants (Lair:6)
  2 centaur zombies
  9 guardian serpents (Snake:4)
  28 black mambas
  36 spiny frogs
  2 vault sentinels
  4 rime drakes
  7 gargoyles
  2 ice statues (IceCv)
  14 naga magi
  A kobold demonologist (D:15)
  5 freezing wraiths
  2 yaktaurs (shapeshifter) (D:15)
  7 komodo dragons
  8 yaktaurs
  The ghost of Monsterracer the Magician, a novice DEFE (D:5)
  A meliai (D:11)
  A wind drake (shapeshifter) (D:15)
  A jumping spider (shapeshifter) (Vaults:1)
  8 trolls
  13 hornets
  15 polar bears
  Prince Ribbit (D:5)
  10 tyrant leeches
  Grinder (D:6)
  6 bog bodies
  A raiju (shapeshifter) (Vaults:1)
  15 blink frogs
  33 slime creatures
  5 hippogriffs
  A shadow (D:12)
  4 wraiths
  3 wyverns
  56 yaks
  Sigmund (D:6)
  18 humans
  13 vampire mosquitoes
  A fire elemental (D:12)
  6 hogs
  3 hungry ghosts
  4 steam dragons (Swamp:4)
  Eustachio (D:6)
  4 basilisks
  Menkaure (D:7)
  20 swamp worms
  37 nagas
  5 wargs
  An acid dragon (Vaults:2)
  Edmund (D:5)
  A soldier ant (D:14)
  15 insubstantial wisps
  16 water moccasins
  7 porcupines
  4 ice beasts
  43 orc warriors
  9 swamp drakes
  3 sky beasts
  2 phantoms
  2 eyes of draining
  2 necrophages
  15 wolves
  8 boggarts
  24 ogres
  13 centaurs
  11 crocodiles
  5 big kobolds
  32 bullfrogs
  A water moccasin zombie (D:7)
  2 wyvern skeletons (D:13)
  5 scorpions
  A killer bee (D:11)
  An electric eel (Lair:4)
  8 howler monkeys
  11 crimson imps
  A lava snake (D:12)
  3 quasits
  14 jellies
  5 hounds
  2 bullfrog skeletons
  A gnoll shaman (D:9)
  A human simulacrum (Vaults:1)
  34 orc priests
  31 orc wizards
  3 centaur skeletons
  Jessica (D:3)
  6 iguanas
  Terence (D:3)
  6 worker ants
  2 hound zombies
  3 worker ant zombies
  18 gnolls
  11 adders
  3 shadow imps
  5 oozes
  3 adder zombies
  An adder skeleton (D:5)
  A worm (D:2)
  A dart slug (D:1)
  3 leopard geckos
  125 orcs
  2 ball pythons
  4 bats
  5 giant cockroaches
  7 goblins
  4 hobgoblins
  9 jackals
  6 quokkas
  7 frilled lizards
  A giant cockroach zombie (D:5)
  A jackal skeleton (D:6)
  31 kobolds
  9 rats
  8 fungi
  17 plants
1380 creatures vanquished.

Vanquished Creatures (collateral kills)
  A naga warrior (Snake:4)
  A hell knight (Vaults:2)
  A mana viper (Snake:4)
  A black mamba (Snake:4)
  2 orc warriors (Orc:2)
  An orc priest (Orc:2)
7 creatures vanquished.

Vanquished Creatures (others)
  An alligator (Swamp:4)
  A naga mage (Snake:4)
  2 swamp drakes (Swamp:4)
  A boggart (Vaults:1)
  A crocodile (Lair:6)
  An orc (Orc:2)
  11 fungi
  71 plants
89 creatures vanquished.

Grand Total: 1476 creatures vanquished

Notes
Turn   | Place    | Note
-------+----------+-------------------------------------------
     0 | D:1      | Monsterracer the Minotaur Berserker began the quest for the Orb.
     0 | D:1      | Reached XP level 1. HP: 19/19 MP: 0/0
   310 | D:1      | Reached skill level 4 in Axes
   320 | D:1      | Reached XP level 2. HP: 18/27 MP: 1/1
  1041 | D:1      | Reached skill level 5 in Axes
  1164 | D:2      | Reached ** piety under Trog
  1164 | D:2      | Reached XP level 3. HP: 33/33 MP: 2/2
  1191 | D:2      | Found a burning altar of Makhleb.
  1244 | D:2      | Found a sacrificial altar of Ru.
  1326 | D:2      | Reached skill level 6 in Axes
  1326 | D:2      | Reached XP level 4. HP: 40/40 MP: 3/3
  1401 | D:2      | Found an ancient bone altar of Kikubaaqudgha.
  1482 | D:2      | Gained mutation: You are clumsy. (Dex -2) [potion of mutation]
  1482 | D:2      | Gained mutation: You possess an exceptional clarity of mind. [potion of mutation]
  1762 | D:2      | Found a glowing silver altar of Zin.
  1783 | D:3      | Reached XP level 5. HP: 45/46 MP: 4/4
  1783 | D:3      | Reached skill level 7 in Axes
  1972 | D:3      | Noticed Terence
  1976 | D:3      | Killed Terence
  2066 | D:3      | Noticed Jessica
  2079 | D:3      | Killed Jessica
  2079 | D:3      | Reached skill level 8 in Axes
  2416 | D:3      | Reached XP level 6. HP: 47/52 MP: 5/5
  2741 | D:4      | Found a bloodstained altar of Trog.
  2904 | D:4      | Found a burning altar of Makhleb.
  2980 | D:4      | Reached *** piety under Trog
  3093 | D:4      | Found a radiant altar of Vehumet.
  3293 | D:5      | Entered Level 5 of the Dungeon
  3300 | D:5      | Noticed Monsterracer's ghost (novice DEFE)
  3307 | D:5      | Killed Monsterracer's ghost
  3307 | D:5      | Reached skill level 9 in Axes
  3307 | D:5      | Reached XP level 7. HP: 59/59 MP: 6/6
  3493 | D:5      | Found an ornate altar of the Wu Jian Council.
  3504 | D:5      | Noticed Prince Ribbit
  3523 | D:5      | HP: 4/88 [ogre/giant spiked club (15)]
  3957 | D:5      | Noticed Edmund
  3964 | D:5      | Killed Edmund
  3964 | D:5      | Reached skill level 10 in Axes
  4120 | D:5      | Found a staircase to the Ecumenical Temple.
  4194 | D:5      | Killed Prince Ribbit
  4194 | D:5      | Reached XP level 8. HP: 25/67 MP: 7/7
  4426 | D:5      | Reached skill level 11 in Axes
  4498 | D:5      | Reached skill level 5 in Fighting
  4593 | D:5      | Found a stormy altar of Qazlal.
  4760 | D:6      | Noticed Grinder
  4772 | D:6      | Killed Grinder
  4889 | D:6      | Noticed Sigmund
  4898 | D:6      | Killed Sigmund
  5054 | D:6      | Reached skill level 5 in Armour
  5160 | D:6      | Found a blossoming altar of Fedhas.
  5181 | D:6      | Reached XP level 9. HP: 74/75 MP: 8/8
  5299 | D:6      | Noticed Eustachio
  5313 | D:6      | Reached **** piety under Trog
  5321 | D:6      | Killed Eustachio
  5321 | D:6      | Reached skill level 12 in Axes
  5621 | D:7      | Reached skill level 5 in Dodging
  5718 | D:7      | Noticed Menkaure
  5724 | D:7      | Killed Menkaure
  5759 | D:7      | Found an opulent altar of Gozag.
  5759 | D:7      | Found a hazy altar of Hepliaklqana.
  5759 | D:7      | Found a basalt altar of Yredelemnul.
  5759 | D:7      | Found a shimmering altar of Xom.
  6153 | D:7      | Reached skill level 13 in Axes
  6156 | D:7      | Reached XP level 10. HP: 68/86 MP: 9/9
  6669 | D:7      | Found an iron altar of Okawaru.
  6772 | D:8      | Found a hide-covered altar of Uskayaw.
  6999 | D:8      | Lost mutation: You are clumsy. (Dex -2) [potion of mutation]
  6999 | D:8      | Lost mutation: You possess an exceptional clarity of mind. [potion of mutation]
  6999 | D:8      | Gained mutation: You are frail. (-10% HP) [potion of mutation]
  6999 | D:8      | Gained mutation: You are somewhat resistant to further mutation. [potion of mutation]
  7115 | D:8      | Reached ***** piety under Trog
  7128 | D:8      | Noticed a two-headed ogre
  7134 | D:8      | Killed a two-headed ogre
  7142 | D:8      | Got a fine scale mail
  7153 | D:8      | Identified the +5 scale mail "Patt" {*Contam rElec Str+7 Stlth+} (You found it on level 8 of the Dungeon)
  7389 | D:8      | Noticed a gargoyle
  7392 | D:8      | Killed a gargoyle
  7401 | D:8      | Noticed a gargoyle
  7407 | D:8      | Killed a gargoyle
  7407 | D:8      | Reached skill level 14 in Axes
  7416 | D:8      | Noticed a gargoyle
  7425 | D:8      | Killed a gargoyle
  7522 | D:8      | Noticed a gargoyle
  7528 | D:8      | Killed a gargoyle
  7686 | D:8      | Noticed a gargoyle
  7695 | D:8      | Killed a gargoyle
  8170 | D:9      | Found a sparkling altar of Nemelex Xobeh.
  8173 | D:9      | Found a stormy altar of Qazlal.
  8921 | D:10     | Entered Level 10 of the Dungeon
  9031 | D:10     | Noticed a cyclops
  9035 | D:10     | Reached XP level 11. HP: 75/87 MP: 10/10
  9042 | D:10     | Found a staircase to the Lair.
  9281 | D:10     | You fall through a shaft for 2 floors!
  9352 | D:12     | Reached skill level 15 in Axes
  9520 | D:12     | Found a frozen archway.
  9525 | D:12     | Noticed an ice dragon
  9550 | D:12     | Killed an ice dragon
  9552 | D:12     | Reached skill level 10 in Fighting
  9634 | IceCv    | Entered an ice cave
  9749 | IceCv    | Received a gift from Trog
  9945 | IceCv    | Reached XP level 12. HP: 61/96 MP: 11/11
 10007 | IceCv    | Reached skill level 16 in Axes
 10008 | IceCv    | Reached skill level 10 in Armour
 10053 | IceCv    | Noticed a frost giant
 10065 | IceCv    | Killed a frost giant
 10697 | D:11     | Found a staircase to the Orcish Mines.
 10707 | D:11     | Found Vilol's Book Emporium.
 10723 | D:11     | Reached ****** piety under Trog
 10836 | D:11     | Received a gift from Trog
 10920 | D:11     | Reached skill level 10 in Dodging
 11136 | D:10     | Reached skill level 17 in Axes
 11358 | Lair:1   | Entered Level 1 of the Lair of Beasts
 11461 | Lair:1   | Noticed a seven-headed hydra
 11465 | Lair:1   | Killed a nine-headed hydra
 11841 | Lair:1   | Noticed an eight-headed hydra
 11852 | Lair:1   | Killed a 14-headed hydra
 11976 | Lair:1   | Reached XP level 13. HP: 104/104 MP: 12/12
 12496 | Lair:2   | Found a sacrificial altar of Ru.
 13106 | Lair:3   | Reached skill level 18 in Axes
 13402 | Lair:3   | Found a staircase to the Snake Pit.
 13437 | Lair:3   | Received a gift from Trog
 13898 | Lair:3   | Found a staircase to the Swamp.
 14277 | Lair:4   | Noticed Urug
 14287 | Lair:4   | Killed Urug
 15383 | Lair:5   | Reached XP level 14. HP: 98/114 MP: 13/13
 15870 | Lair:5   | Reached skill level 19 in Axes
 15929 | Lair:6   | Entered Level 6 of the Lair of Beasts
 15932 | Lair:6   | Found a staircase to the Slime Pits.
 16070 | Lair:6   | Received a gift from Trog
 16411 | Lair:6   | Identified the Compendium of Good Luck and the Mountains
 16676 | Lair:6   | Received a gift from Trog
 17426 | Orc:1    | Entered Level 1 of the Orcish Mines
 17589 | Orc:2    | Entered Level 2 of the Orcish Mines
 17589 | Orc:2    | Found a staircase to the Elven Halls.
 17598 | Orc:2    | Found a roughly hewn altar of Beogh.
 17676 | Orc:2    | Found a roughly hewn altar of Beogh.
 17703 | Orc:2    | Found Rounemp's Jewellery Emporium.
 17760 | Orc:2    | Found a roughly hewn altar of Beogh.
 17783 | Orc:2    | Reached skill level 20 in Axes
 17979 | Orc:1    | Paralysed by an orc sorcerer for 6 turns
 18259 | Orc:2    | Bought an uncursed ring of see invisible for 210 gold pieces
 18259 | Orc:2    | Bought a +5 ring of protection for 770 gold pieces
 18286 | Orc:2    | Found a roughly hewn altar of Beogh.
 18331 | Orc:2    | Noticed an orc warlord
 18337 | Orc:2    | Received a gift from Trog
 18341 | Orc:2    | Killed an orc warlord
 18413 | Orc:2    | Found Ulid's Antique Armour Shoppe.
 18423 | Orc:2    | Found Citywne's Antique Weapon Emporium.
 18424 | Orc:2    | Found a roughly hewn altar of Beogh.
 18864 | Orc:2    | Found a roughly hewn altar of Beogh.
 18903 | Orc:2    | Reached XP level 15. HP: 103/123 MP: 14/14
 18926 | Orc:2    | Found a roughly hewn altar of Beogh.
 18926 | Orc:2    | Found Huoleassi's General Store.
 18980 | Orc:2    | Bought an uncursed ring of resist corrosion for 240 gold pieces
 19090 | Orc:1    | Received a gift from Trog
 20347 | D:13     | Found a labyrinth entrance.
 20370 | Lab      | Entered a labyrinth
 20658 | Lab      | Got a scorched silver ring
 20720 | D:13     | Identified the ring "Uschucle" {Int+5 Slay+3 Stlth+} (You took it off a minotaur in a labyrinth)
 21154 | D:13     | Found a gate to the Vaults.
 21159 | D:13     | Received a gift from Trog
 21165 | D:13     | Got an ichor-stained battleaxe {god gift}
 21166 | D:13     | Identified the +8 battleaxe "Arbiter" {flame, *Contam rN+ MR+ Dex+5} (Trog gifted it to you on level 13 of the Dungeon)
 21599 | D:14     | Noticed Kirke
 21607 | D:14     | Killed Kirke
 21860 | D:14     | Found Suacrah's Book Emporium.
 22011 | D:15     | Entered Level 15 of the Dungeon
 22136 | D:15     | Noticed Agnes
 22141 | D:15     | Killed Agnes
 22297 | D:15     | Reached skill level 21 in Axes
 22585 | D:15     | Received a gift from Trog
 23065 | D:15     | Reached XP level 16. HP: 78/132 MP: 15/15
 23153 | D:15     | Found a staircase to the Depths.
 23583 | Swamp:1  | Entered Level 1 of the Swamp
 23843 | Swamp:1  | Identified a scroll of acquirement
 24230 | Swamp:1  | Reached skill level 15 in Fighting
 24553 | Swamp:2  | Received a gift from Trog
 24591 | Swamp:2  | Reached skill level 15 in Armour
 24821 | Swamp:2  | Got a twitching marble ring
 24822 | Swamp:2  | Identified the ring "Ethitez" {+Blink rElec rC+ Str+6} (You found it on level 2 of the Swamp)
 25078 | Swamp:3  | Got a twisted war axe
 25084 | Swamp:3  | Identified the +7 war axe "Ceshatik" {flame, Dex+4} (You found it on level 3 of the Swamp)
 25110 | Swamp:3  | Got a tiger eye-encrusted ring mail
 25111 | Swamp:3  | Identified the cursed +1 ring mail "Enyipiz" {rN++ Dex+3} (You found it on level 3 of the Swamp)
 25322 | Swamp:3  | Reached skill level 22 in Axes
 25738 | Swamp:4  | Entered Level 4 of the Swamp
 25764 | Swamp:4  | Received a gift from Trog
 26039 | Swamp:4  | Noticed Bai Suzhen
 26218 | Swamp:4  | Killed Bai Suzhen
 26298 | Swamp:4  | Reached XP level 17. HP: 143/143 MP: 16/16
 26431 | Swamp:4  | Noticed Nikola
 26447 | Swamp:4  | Killed Nikola
 26534 | Swamp:4  | Received a gift from Trog
 26766 | Swamp:4  | Got a decaying rune of Zot
 27142 | Snake:1  | Entered Level 1 of the Snake Pit
 27663 | Snake:1  | Reached skill level 15 in Dodging
 28445 | Snake:2  | Received a gift from Trog
 30322 | Snake:3  | Noticed Donald
 30333 | Snake:3  | Killed Donald
 30604 | Snake:4  | Entered Level 4 of the Snake Pit
 30613 | Snake:4  | Noticed Vashnia
 30637 | Snake:4  | Killed Vashnia
 30787 | Snake:4  | Found a basalt altar of Yredelemnul.
 30908 | Snake:4  | Found Kehon's Book Shoppe.
 30922 | Snake:4  | Received a gift from Trog
 30937 | Snake:4  | Reached XP level 18. HP: 109/154 MP: 17/17
 31103 | Snake:4  | Found Heugatai's Gadget Emporium.
 31511 | Snake:4  | Reached skill level 23 in Axes
 31932 | Snake:4  | Received a gift from Trog
 32558 | Snake:4  | Got a serpentine rune of Zot
 32968 | Vaults:1 | Entered Level 1 of the Vaults
 33234 | Vaults:1 | Received a gift from Trog
 33288 | Vaults:1 | Reached XP level 19. HP: 157/165 MP: 18/18
 33815 | Vaults:1 | Found a portal to a secret trove of treasure.
 34834 | Vaults:2 | Noticed Jorgrun
 34839 | Vaults:2 | Killed Jorgrun
 35436 | Vaults:1 | You paid a toll of +4 storm dragon scales to enter a treasure trove
 35437 | Trove    | Entered a treasure trove
 35456 | Trove    | Got a smoking silver ring
 35458 | Trove    | Identified the ring "Nototz" {Ice Int+4 SInv} (You found it in a treasure trove)
 35464 | Trove    | Got a shimmering bronze ring
 35473 | Trove    | Got a twitching ivory ring
 35474 | Trove    | Identified the ring "Epock" {MR+ Dex+5 SInv} (You found it in a treasure trove)
 35477 | Trove    | Got a pitted amber ring
 35479 | Trove    | Identified the ring "Zil Onys" {rC+ MR+} (You found it in a treasure trove)
 35483 | Trove    | Got a shimmering amber ring
 35486 | Trove    | Identified the ring "Bielu" {MR+ Str+4 Int+3 Slay+2 Stlth+} (You found it in a treasure trove)
 35488 | Trove    | Identified the ring of Effame Bati {MR+ EV+2 Str+3 Int+4} (You found it in a treasure trove)
 35499 | Trove    | Got a slimy copper ring
 35501 | Trove    | Identified the ring "Ocabbemnef" {rPois rF+} (You found it in a treasure trove)
 35506 | Trove    | Got a vibrating platinum ring
 35508 | Trove    | Identified the ring "Iwiol" {Ice Int-2 Dex+10} (You found it in a treasure trove)
 35733 | Vaults:2 | Noticed Margery
 35736 | Vaults:2 | Received a gift from Trog
 35749 | Vaults:2 | HP: 1/168 [Margery/fireball (24)]
 35754 | Vaults:2 | Killed from afar by Margery

Vault maps used:
D:1:      arrival_zaba_pyramid
D:2:      zin_statuary, nicolae_ru_sacrificial_ziggurat,
          kiku_gazebo_garden_becter, overflow_temple_1_default
D:3:      st_stairs_4, uniq_jessica, uniq_terence
D:4:      vehumet_crystals, kennysheep_little_box, grunt_decor_mini_mirrors,
          makhleb_heckhound_becter
D:5:      kennysheep_mini, overflow_temple_1_default,
          minmay_temple_entry_overgrown, first_bread, minmay_misc_feat_x,
          minmay_misc_feat_nine_boxes, uniq_prince_ribbit1, uniq_edmund
D:6:      fedhas_altar_1, uniq_sigmund, uniq_grinder, uniq_eustachio
D:7:      lemuel_round_altar, chequers_temple_overflow_statue_of_worship,
          grunt_livestock, uniq_menkaure
D:8:      cheibrodos_statue_roulette, nicolae_overflow_hidden_temple
D:9:      nemelex_xobeh_ov_fountains_minmay, grunt_qazlal_sundering
D:10:     erik_lair_orcish_takeover
D:11:     kennysheep_windowed_halls, orc_david_3, serial_shops, shop
D:12:     portal_ice_cave_entry_animals_and_master, kennysheep_crisscross,
          eino_house_with_fridge
D:13:     grunt_vaults_entry_tiered, lab_entry_generic,
          kennysheep_generic_room_15
D:14:     serial_shops, shop, hangedman_abyss_or_decor_stabs, uniq_kirke
D:15:     gammafunk_enter_depths_forms, minmay_misc_feat_diagonals,
          special_room, uniq_agnes
Lair:2:   basic_altar, beast_lair_carwin_9, minmay_lair_oklob_chamber,
          lemuel_fruit_tree
Lair:3:   cheibrodos_lair_river_kwai, minmay_swamp_entry_worms,
          guppyfry_snake_entry_garden, nicolae_quartered_pool_medium,
          serial_bayou_shore_b
Lair:4:   serial_bayou_shore_b, grunt_megastairs_3, serial_bayou_shore_a,
          lemuel_fruit_fields, uniq_urug
Lair:5:   serial_forest, infiniplex_forest_clump_diagonal,
          infiniplex_forest_lined_room_3, infiniplex_forest_lined_room_,
          infiniplex_forest_pool, infiniplex_forest_clump_medium,
          infiniplex_forest_clump_curved, infiniplex_forest_clump_large,
          infiniplex_forest_end_2, infiniplex_forest_lined_1,
          infiniplex_forest_clump_double
Lair:6:   minmay_lair_end_frog_pond, nicolae_slime_entry_slimehenge,
          serial_forest, infiniplex_forest_clump_long,
          infiniplex_forest_lined_room_2, infiniplex_forest_lined_2,
          infiniplex_forest_straight_1, infiniplex_forest_clump_long,
          infiniplex_forest_clump_tiny, infiniplex_forest_lined_ring,
          serial_bayou_crossing
Swamp:1:  hangedman_swamp_cone
Swamp:2:  hangedman_swamp_blocks
Swamp:3:  evilmike_swamp_ruin_house_3
Swamp:4:  swamp_fiery, swamp_pool3, uniq_bai_suzhen, uniq_nikola
Snake:1:  grunt_megastairs_5
Snake:3:  grunt_ministairs_2, uniq_donald
Snake:4:  snake_pit_salamanders_mu, basic_altar, serial_bayou_shore_b,
          minmay_shoptagon, serial_bayou_shore_b, uniq_vashnia
Orc:2:    grunt_orc_community_town_hall, grunt_orc_community_big_house_2,
          grunt_orc_community_big_house_1, grunt_orc_community_house_3,
          grunt_orc_community_house_1, grunt_orc_community_house_3,
          grunt_orc_community_house_3, basic_altar, guppyfry_library_mini
Vaults:1: v_misc_28, ontoclasm_vaults_ring_large, hangedman_vaults_variations,
          vaults_mumra_minichess, nicolae_trove_entry_crystal
Vaults:2: blue_anna_dwarven_crypt, v_rooms_2, v_alt_pattern_4,
          grunt_vaults_funnel, ontoclasm_vaults_fault,
          grunt_vaults_hallway_short, ontoclasm_vaults_twist, v_rooms_3,
          ontoclasm_vaults_decontamination, hangedman_vaults_slice,
          uniq_jorgrun, uniq_margery
Lab:      labyrinth_spiral, labyrinth_skeletal_remains
Trove:    trove_jewel_1
IceCv:    ice_cave_small_giant

Skill      XL: |  1  2  3  4  5  6  7  8  9 10 11 12 13 14 15 16 17 18 19 |
---------------+----------------------------------------------------------+-----
Axes           | 4 5 6 8 9 10 11 13 14 15 17 18 20 21 22 23 | 23.7
Fighting       | 4 5 7 9 10 11 12 13 14 16 18 19 20 | 20.6
Armour         | 3 5 7 8 9 11 12 13 14 15 16 17 18 | 18.2
Dodging        | 3 4 6 7 9 10 11 12 13 14 15 16 | 16.9

Action                   |  1- 3 |  4- 6 |  7- 9 | 10-12 | 13-15 | 16-18 | 19-21 || total
-------------------------+-------+-------+-------+-------+-------+-------+-------++-------
Melee: Hand axe          |    69 |    96 |    48 |       |       |       |       ||   213
       Headbutt          |    10 |    12 |    56 |   128 |   185 |   226 |    63 ||   680
       War axe           |       |       |   263 |   340 |       |       |       ||   603
       Battleaxe         |       |       |       |   180 |   405 |   844 |   191 ||  1620
       Executioner's axe |       |       |       |       |   359 |       |       ||   359
       Demon trident     |       |       |       |       |     9 |       |       ||     9
Invok: Berserk           |     2 |     3 |    10 |    10 |    11 |     4 |       ||    40
       Trog's Hand       |       |     1 |     2 |       |     1 |     1 |     1 ||     6
       Burn Spellbooks   |       |     1 |     1 |     2 |     5 |     4 |       ||    13
       Brothers in Arms  |       |       |       |       |     1 |     1 |     1 ||     3
 Abil: Evoke Flight      |       |       |       |       |     1 |       |       ||     1
       Evoke Blink       |       |       |       |       |       |       |     1 ||     1
  Use: Potion            |     3 |     4 |     2 |     5 |     2 |     2 |     3 ||    21
       Scroll            |       |     6 |     1 |    12 |    13 |    10 |     6 ||    48
 Stab: Sleeping          |       |     1 |       |       |       |     3 |     1 ||     5
       Distracted        |       |       |       |       |       |     5 |     1 ||     6
  Eat: Chunk             |     1 |     9 |    20 |    23 |    47 |    32 |     8 ||   140
       Fruit             |       |       |     1 |       |       |     7 |       ||     8
       Meat ration       |       |       |     1 |       |       |       |       ||     1
       Bread ration      |       |       |     1 |       |       |       |       ||     1
Armor: Animal skin       |     5 |     9 |       |       |       |       |       ||    14
       Chain mail        |       |    15 |   126 |    24 |       |       |       ||   165
       Scale mail        |       |       |       |   165 |   267 |   292 |    45 ||   769
Dodge: Dodged            |    42 |    45 |    76 |   297 |   570 |   680 |   111 ||  1821
Block: Large shield      |       |       |   112 |       |       |       |       ||   112
       Buckler           |       |       |     4 |    41 |       |       |       ||    45
